 Dungeon Crawl Stone Soup version 0.30.1-11-g7821555f0a (webtiles) character file.

Game seed: 18300826694910288343

250 Buffagor the Slasher (level 6, 0/47 HPs)
             Began as a Barachi Fighter on Dec 1, 2023.
             Was a Follower of Cheibriados.
             Slain by an adder (1 damage)
             ... on level 4 of the Dungeon.
             The game lasted 00:06:32 (3366 turns).

Buffagor the Slasher (Barachi Fighter)              Turns: 3366, Time: 00:06:32

Health: 0/47       AC:  9    Str: 21    XL:     6   Next: 13%
Magic:  6/6        EV:  9    Int: 11    God:    Cheibriados [*.....]
Gold:   230        SH:  4    Dex: 13    Spells: 5/5 levels left

rFire   . . .        a - +0 long sword
rCold   . . .        c - +0 buckler
rNeg    . . .        b - +0 scale mail
rPois   +            s - +0 helmet
rElec   .            (no cloak)
rCorr   .            (no gloves)
SInv    .            h - +0 pair of boots
Will    +....        (no amulet) Stlth
                     i - ring of willpower
HPRegen 0.27/turn    q - ring of poison resistance
MPRegen 0.10/turn

%: no passive effects
@: mighty, lethally poisoned (0 -> -4), unable to hop, very slow
A: amphibious, slowness 1, strong legs 1, +LOS
a: Hop, Renounce Religion, Bend Time


You were on level 4 of the Dungeon.
You worshipped Cheibriados.
Cheibriados was aware of your devotion.
You visited 1 branch of the dungeon, and saw 5 of its levels.

You collected 230 gold pieces.

Inventory:

Hand Weapons
 a - a +0 long sword (weapon)
Missiles
 t - 8 stones
 x - 5 javelins
Armour
 b - a +0 scale mail (worn)
 c - a +0 buckler (worn)
 h - a +0 pair of boots (worn)
 s - a +0 helmet (worn)
Jewellery
 i - a ring of willpower (left hand)
 q - a ring of poison resistance (right hand)
Scrolls
 e - a scroll of acquirement {unknown}
 l - a scroll of fog {unknown}
 n - 3 scrolls of fear {unknown}
 p - 3 scrolls of teleportation {unknown}
 u - 2 scrolls of amnesia {unknown}
 w - a scroll of enchant weapon {unknown}
 y - 2 scrolls of identify {unknown}
 z - a scroll of poison {unknown}
 A - a scroll of immolation {unknown}
Potions
 d - a potion of might
 f - 2 potions of mutation {unknown}
 g - 2 potions of degeneration {unknown}
 j - 7 potions of curing {unknown}
 k - 3 potions of invisibility {unknown}
 m - a potion of attraction {unknown}
 o - a potion of berserk rage {unknown}
 r - 2 potions of magic {unknown}
 v - 3 potions of lignification {unknown}
 B - a potion of brilliance {unknown}


   Skills:
 - Level 3.6 Fighting
 + Level 7.5 Long Blades
 - Level 3.6 Armour
 - Level 3.2 Shields


You had 5 spell levels left.
You didn't know any spells.
Your spell library contained the following spells:

 Spells                   Type           Power      Damage    Failure   Level
 Ozocubu's Armour         Ice            0%         N/A       98%         3
 Ozocubu's Refrigeration  Ice            0%         4d7       100%        7


Dungeon Overview and Level Annotations

Branches:
Dungeon (5/15)
 Temple: D:4-7

Altars:
Cheibriados
Dithmenos
Hepliaklqana
Okawaru
Vehumet

Shops:
D:4 :

Annotations:
D:4 Dowan, Duvessa


Innate Abilities, Weirdness & Mutations

You are amphibious.
You cover ground slowly.
You can hop short distances.
You have an extended range of vision and can be seen from far away.


Message History

You are too injured to fight recklessly!
You are too injured to fight recklessly!
Unknown command.
Unknown command.
Unknown command.
You hit Duvessa.
Duvessa is almost dead.
The adder bites you.
You are poisoned.
The adder poisons you! Duvessa hits you with a +0 short sword!
Dowan barely misses you. The adder bites you but does no damage.
You closely miss Duvessa.
Duvessa is almost dead.
You feel sick. Dowan hits you but does no damage. The adder bites you.
* * * LOW HITPOINT WARNING * * *
You are more poisoned.
The adder poisons you! Duvessa hits you with a +0 short sword.
* * * LOW HITPOINT WARNING * * *
Unknown command.
Unknown command.
Unknown command.
* * * LOW HITPOINT WARNING * * *
You feel sick. The adder bites you but does no damage. Dowan misses you.
You block Duvessa's attack.
You climb upwards.
* * * LOW HITPOINT WARNING * * *
You feel very sick.
There is a stone staircase leading down here.
Unknown command.
Unknown command.
Unknown command.
Hop to where?
Press: ? - help, Dir - move target Boing!
* * * LOW HITPOINT WARNING * * *
You feel sick. The adder bites you but does no damage.
You feel very mighty all of a sudden.
* * * LOW HITPOINT WARNING * * *
You feel sick. The adder bites you.
You die...

........####.....##.......##.....
...........#..##......)..........
..............##.....#....###....
...............###...##........##
.......#..............#..........
.......##..##.................#..
.......#...............#..[[[.###
...........##..e.......#..[...###
...........##.)S@.#..............
.......#...##)°e..###............
).....###...#..†..#.<..##........
......#.##........#........<.....
............##.........##.......#
...###.....###.........#......###
...#####..##....#.....#.......##
#...####.>...#........#.....#..##
......##.....#..##..........#....


You could see Duvessa, Dowan and an adder.

Vanquished Creatures
  An orc priest (D:4)
  A hound (D:4)
  An iguana (D:4)
  An orc wizard (D:4)
  5 adders
  3 gnolls (D:3)
  3 dart slugs
  8 orcs (D:4)
  5 ball pythons
  6 bats
  9 endoplasms
  A giant cockroach (D:3)
  3 goblins
  4 hobgoblins
  A frilled lizard (D:3)
  4 kobolds
  7 rats
63 creatures vanquished.

Notes
Turn   | Place    | Note
-------+----------+-------------------------------------------
     0 | D:1      | Buffagor the Barachi Fighter began the quest for the Orb.
     0 | D:1      | Reached XP level 1. HP: 18/18 MP: 1/1
   159 | D:1      | Reached skill level 3 in Long Blades
   192 | D:1      | Reached XP level 2. HP: 23/24 MP: 2/2
   795 | D:2      | Reached skill level 4 in Long Blades
   863 | D:2      | Reached XP level 3. HP: 29/29 MP: 3/3
  1630 | D:3      | Found an iron altar of Okawaru.
  1634 | D:3      | Reached skill level 5 in Long Blades
  1634 | D:3      | Reached XP level 4. HP: 26/36 MP: 4/4
  1738 | D:3      | Found a shadowy altar of Dithmenos.
  1971 | D:3      | Found a faded altar of an unknown god.
  2040 | D:3      | Found a snail-covered altar of Cheibriados.
  2048 | D:3      | Found a hazy altar of Hepliaklqana.
  2494 | D:3      | Found a radiant altar of Vehumet.
  2590 | D:4      | Found Eduqoedutu's Vocational Training.
  2733 | D:3      | Became a worshipper of Cheibriados the Contemplative
  2798 | D:4      | Reached skill level 6 in Long Blades
  2798 | D:4      | Reached XP level 5. HP: 39/41 MP: 5/5
  2942 | D:4      | Reached skill level 7 in Long Blades
  3240 | D:5      | Entered Level 5 of the Dungeon
  3240 | D:5      | Noticed Duvessa
  3241 | D:5      | Noticed Dowan
  3250 | D:4      | Reached * piety under Cheibriados
  3320 | D:4      | Reached XP level 6. HP: 39/47 MP: 6/6
  3365 | D:4      | HP: 2/47 [poisoned by an adder]
  3366 | D:4      | Slain by an adder

Illustrated notes

Levels and vault maps discovered:
D:1:      minmay_arrival_radiant_lines, layout_rooms, kennysheep_crisscross,
          grunt_decor_clamped
D:2:      layout_loops_corners
D:3:      layout_loops_corners, nicolae_dithmenos_the_darkroom, okawaru_trees_2,
          nicolae_overflow_ecumenical_swirl, mainiacjoe_overflow_catwalk_spiral
D:4:      layout_cave_pools, nicolae_shop_vocational
D:5:      layout_layer_cave, mainiacjoe_overflow_catwalk,
          mainiacjoe_overflow_paths, minmay_temple_entry_proselytizer,
          eino_tiny_chamber, uniq_duvessa

Skill      XL: |  1  2  3  4  5 |
---------------+----------------+-----
Long Blades    | 3 4 5 6 7 |  7.5
Fighting       | |  3.6
Armour         | |  3.6
Shields        | |  3.2

Action                     |  1- 3 |  4- 6 || total
---------------------------+-------+-------++-------
  Melee: Long sword        |    77 |   140 ||   217
Ability: Hop               |       |     1 ||     1
    Use: Potion            |       |     2 ||     2
 Armour: Scale mail        |    42 |    87 ||   129
  Dodge: Dodged            |    39 |    78 ||   117
  Block: Buckler           |    20 |    33 ||    53
